ORI
UNIVERSITY OF CONNETICUT HUSKIES @ UNIVERSITY OF ALABAMA CRIMSON TIDE
08/18/2045
 
TOP OF THE 1ST
University of Conneticut Huskies batting - Pitching for University of Alabama Crimson Tide : RHP Mike Wilkinson
Pitching: RHP Mike Wilkinson
Batting: RHB Alfredo Reguera 0-0: SINGLE (Groundball, 6M, EV 103.1 MPH) (infield hit)
Batting: RHB Scott Webb 0-0: Ball
1-0: Foul Ball, location: 2F
1-1: Ball
2-1: Called Strike
2-2: Ball
Alfredo Reguera steals 2nd base
3-2: Base on Balls
Batting: LHB Jim Upson 0-0: Ball
1-0: Called Strike
1-1: Foul Ball, location: 2F
1-2: Strikes out swinging
Batting: RHB Bill Stern 0-0: Fielders Choice at 2nd, 5-4 (Groundball, 56S, EV 85.0 MPH)
Alfredo Reguera to third
Batting: LHB Enzo Aguello 0-0: Fly out, F7 (Flyball, 7, EV 97.5 MPH)
Top of the 1st over - 0 runs, 1 hit, 0 errors, 2 left on base; University of Conneticut 0 - University of Alabama 0
BOTTOM OF THE 1ST
University of Alabama Crimson Tide batting - Pitching for University of Conneticut Huskies : RHP Fidel Alonso
Pitching: RHP Fidel Alonso
Batting: RHB Bill Begin 0-0: Called Strike
0-1: Ball
1-1: Swinging Strike
1-2: Ball
2-2: Foul Ball, location: 2F
2-2: Foul Ball, location: 2F
2-2: Strikes out swinging
Batting: RHB Jose Cuellar 0-0: Ball
1-0: Called Strike
1-1: Ball
2-1: Ground out U3 (Groundball, 23, EV 87.5 MPH)
Batting: RHB Rod Johnson 0-0: Called Strike
0-1: Ball
1-1: Ball
2-1: Foul Ball, location: 2F
2-2: Strikes out swinging
Bottom of the 1st over - 0 runs, 0 hits, 0 errors, 0 left on base; University of Conneticut 0 - University of Alabama 0
TOP OF THE 2ND
University of Conneticut Huskies batting - Pitching for University of Alabama Crimson Tide : RHP Mike Wilkinson
Batting: RHB Hector Barajas 0-0: Foul Ball, location: 2F
0-1: Called Strike
0-2: Ball
1-2: Ball
2-2: Ball
3-2: Ground out 6-3 (Groundball, 6, EV 83.1 MPH)
Batting: LHB Bill Kovac 0-0: Foul Ball, location: 2F
0-1: Fly out, F7 (Flyball, 7, EV 80.6 MPH)
Batting: RHB Alejandro Collazo 0-0: SINGLE (Groundball, 4MD, EV 101.9 MPH)
Batting: LHB Andrew Barzee 0-0: Swinging Strike
0-1: Fielders Choice at 2nd, U4 (Groundball, 4M, EV 101.2 MPH)
Top of the 2nd over - 0 runs, 1 hit, 0 errors, 1 left on base; University of Conneticut 0 - University of Alabama 0
BOTTOM OF THE 2ND
University of Alabama Crimson Tide batting - Pitching for University of Conneticut Huskies : RHP Fidel Alonso
Batting: LHB Ben Roth 0-0: SINGLE (Flyball, 4MD, EV 89.4 MPH)
Batting: RHB Hugo Chavez 0-0: Fly out, F8 (Flyball, 8RXD, EV 105.0 MPH)
Runner from 1st tags up, SAFE at 2nd
Batting: RHB Jorge Lebron 0-0: Ground out 6-3 (Groundball, 56, EV 76.9 MPH)
Batting: RHB Wen Huang 0-0: Called Strike
0-1: SINGLE (Line Drive, 89S, EV 92.5 MPH)
Ben Roth to third
Runner from 3rd tries for Home, SAFE, throw by RF to home
Batting: LHB Isaiah Spitzbarth 0-0: Ball
1-0: Foul Ball, location: 2F
1-1: Ball
2-1: Foul Ball, location: 2F
2-2: Ground out U3 (Groundball, 3, EV 82.5 MPH)
Bottom of the 2nd over - 1 run, 2 hits, 0 errors, 1 left on base; University of Conneticut 0 - University of Alabama 1
TOP OF THE 3RD
University of Conneticut Huskies batting - Pitching for University of Alabama Crimson Tide : RHP Mike Wilkinson
Batting: RHB Alfredo Reguera 0-0: Called Strike
0-1: Ball
1-1: Ball
2-1: Ground out 4-3 (Groundball, 4, EV 96.2 MPH)
Batting: RHB Scott Webb 0-0: Called Strike
0-1: Ball
1-1: Ball
2-1: Foul Ball, location: 2F
2-2: Fly out, F8 (Flyball, 8RS, EV 81.9 MPH)
Batting: LHB Jim Upson 0-0: Swinging Strike
0-1: Ground out 6-3 (Groundball, 6, EV 87.5 MPH)
Top of the 3rd over - 0 runs, 0 hits, 0 errors, 0 left on base; University of Conneticut 0 - University of Alabama 1
BOTTOM OF THE 3RD
University of Alabama Crimson Tide batting - Pitching for University of Conneticut Huskies : RHP Fidel Alonso
Batting: RHB Juan Alvarez 0-0: Ground out 5-3 (Groundball, 56S, EV 74.4 MPH)
Batting: RHB Bill Begin 0-0: Ball
1-0: Called Strike
1-1: Ball
2-1: Swinging Strike
2-2: Fly out, F6 (Flyball, 6D, EV 82.5 MPH)
Batting: RHB Jose Cuellar 0-0: Called Strike
0-1: Ball
1-1: Ground out 5-3 (Groundball, 5L, EV 85.6 MPH)
Bottom of the 3rd over - 0 runs, 0 hits, 0 errors, 0 left on base; University of Conneticut 0 - University of Alabama 1
TOP OF THE 4TH
University of Conneticut Huskies batting - Pitching for University of Alabama Crimson Tide : RHP Mike Wilkinson
Batting: RHB Bill Stern 0-0: Swinging Strike
0-1: Ball
1-1: Called Strike
1-2: Strikes out swinging
Batting: LHB Enzo Aguello 0-0: Fly out, F4 (Flyball, 4D, EV 92.5 MPH)
Batting: RHB Hector Barajas 0-0: Foul Ball, location: 2F
0-1: Ball
1-1: Ball
2-1: Called Strike
2-2: Ball
3-2: SINGLE (Line Drive, 8LM, EV 85.6 MPH)
Batting: LHB Bill Kovac 0-0: SINGLE (Flyball, 8RS, EV 93.8 MPH)
Hector Barajas to second
Runner from 2nd tries for 3rd, SAFE, no throw by CF
Batting: RHB Alejandro Collazo 0-0: Called Strike
0-1: Ball
1-1: Called Strike
1-2: Ball
2-2: Ball
3-2: DOUBLE (Line Drive, 7LM, EV 101.9 MPH)
Hector Barajas scores
Bill Kovac to third
Bill Kovac scores
Batting: LHB Andrew Barzee 0-0: Called Strike
0-1: Ball
1-1: Foul Ball, location: 2F
1-2: SINGLE (Groundball, 34D, EV 101.2 MPH)
Alejandro Collazo to third
Runner from 3rd tries for Home, SAFE, throw by RF to home
Batting: RHB Alfredo Reguera 0-0: Called Strike
0-1: Ball
1-1: Ball
2-1: SINGLE (Groundball, 6MD, EV 107.5 MPH)
Andrew Barzee to second
Runner from 2nd tries for 3rd, SAFE, throw by CF made to third
Batting: RHB Scott Webb 0-0: Ball
1-0: Called Strike
1-1: Fly out, F4 (Popup, 4M, EV 56.9 MPH)
Top of the 4th over - 3 runs, 5 hits, 0 errors, 2 left on base; University of Conneticut 3 - University of Alabama 1
BOTTOM OF THE 4TH
University of Alabama Crimson Tide batting - Pitching for University of Conneticut Huskies : RHP Fidel Alonso
Batting: RHB Rod Johnson 0-0: Ball
1-0: Called Strike
1-1: Called Strike
1-2: Ball
2-2: Foul Ball, location: 2F
2-2: Strikes out swinging
Batting: LHB Ben Roth 0-0: Swinging Strike
0-1: Ball
1-1: Ball
2-1: Ball
3-1: Ground out 2-3 (Groundball, 2L, EV 67.5 MPH)
Batting: RHB Hugo Chavez 0-0: Called Strike
0-1: Ground out 5-3 (Groundball, 56S, EV 82.5 MPH)
Bottom of the 4th over - 0 runs, 0 hits, 0 errors, 0 left on base; University of Conneticut 3 - University of Alabama 1
TOP OF THE 5TH
University of Conneticut Huskies batting - Pitching for University of Alabama Crimson Tide : RHP Mike Wilkinson
Batting: LHB Jim Upson 0-0: Ball
1-0: Swinging Strike
1-1: Foul Ball, location: 2F
1-2: Ball
2-2: Reached on error, E5 (Groundball, 56, EV 102.5 MPH)
Batting: RHB Bill Stern 0-0: Called Strike
0-1: SINGLE (Groundball, 56S, EV 66.9 MPH) (infield hit)
Jim Upson to second
Batting: LHB Enzo Aguello 0-0: Fly out, F8 (Flyball, 8LD, EV 80.6 MPH)
Batting: RHB Hector Barajas 0-0: Foul Ball, location: 2F
0-1: Swinging Strike
0-2: Ball
1-2: Foul Ball, location: 2F
1-2: Strikes out swinging
Pitching: RHP Gabriel Bass
Batting: LHB Bill Kovac 0-0: Ball
1-0: Ball
2-0: Ball
3-0: Called Strike
3-1: Base on Balls
Jim Upson to third
Bill Stern to second
Batting: RHB Alejandro Collazo 0-0: Called Strike
0-1: Foul Ball, location: 2F
0-2: Fly out, F7 (Flyball, 78M, EV 86.9 MPH)
Top of the 5th over - 0 runs, 1 hit, 1 error, 3 left on base; University of Conneticut 3 - University of Alabama 1
BOTTOM OF THE 5TH
University of Alabama Crimson Tide batting - Pitching for University of Conneticut Huskies : RHP Fidel Alonso
Batting: RHB Jorge Lebron 0-0: Ball
1-0: Swinging Strike
1-1: Ball
2-1: Foul Ball, location: 2F
2-2: Strikes out swinging
Batting: RHB Wen Huang 0-0: Called Strike
0-1: Ground out 5-3 (Groundball, 56S, EV 88.8 MPH)
Batting: LHB Isaiah Spitzbarth 0-0: Foul Ball, location: 2F
0-1: Swinging Strike
0-2: Strikes out swinging
Bottom of the 5th over - 0 runs, 0 hits, 0 errors, 0 left on base; University of Conneticut 3 - University of Alabama 1
TOP OF THE 6TH
University of Conneticut Huskies batting - Pitching for University of Alabama Crimson Tide : RHP Gabriel Bass
Batting: LHB Andrew Barzee 0-0: Called Strike
0-1: Fly out, F8 (Flyball, 8RXD, EV 97.5 MPH)
Batting: RHB Alfredo Reguera 0-0: Called Strike
0-1: Foul Ball, location: 2F
0-2: Ground out 4-3 (Groundball, 4, EV 101.2 MPH)
Batting: RHB Scott Webb 0-0: Called Strike
0-1: Called Strike
0-2: Foul Ball, location: 2F
0-2: Fly out, F9 (Line Drive, 9, EV 95.6 MPH)
Top of the 6th over - 0 runs, 0 hits, 0 errors, 0 left on base; University of Conneticut 3 - University of Alabama 1
BOTTOM OF THE 6TH
University of Alabama Crimson Tide batting - Pitching for University of Conneticut Huskies : RHP Fidel Alonso
Batting: RHB Juan Alvarez 0-0: Foul Ball, location: 2F
0-1: Called Strike
0-2: Foul Ball, location: 2F
0-2: Ball
1-2: Strikes out looking
Batting: RHB Bill Begin 0-0: Ball
1-0: Foul Ball, location: 2F
1-1: Ball
2-1: Ball
3-1: Called Strike
3-2: Foul Ball, location: 2F
3-2: Reached on error, E5 (Groundball, 56, EV 82.5 MPH)
Batting: RHB Jose Cuellar 0-0: Ground out 5-3 (Groundball, 56S, EV 85.0 MPH)
Batting: RHB Rod Johnson 0-0: Ball
1-0: Swinging Strike
1-1: Ball
2-1: Called Strike
2-2: Strikes out swinging
Bottom of the 6th over - 0 runs, 0 hits, 1 error, 1 left on base; University of Conneticut 3 - University of Alabama 1
TOP OF THE 7TH
University of Conneticut Huskies batting - Pitching for University of Alabama Crimson Tide : RHP Gabriel Bass
Batting: LHB Jim Upson 0-0: Ball
1-0: Ball
2-0: Ball
3-0: Called Strike
3-1: Called Strike
3-2: Base on Balls
Batting: RHB Bill Stern 0-0: Called Strike
0-1: Ball
1-1: Ball
2-1: Fly out, F9 (Flyball, 89D, EV 93.1 MPH)
Batting: LHB Enzo Aguello 0-0: Ball
1-0: Called Strike
1-1: Ball
2-1: Called Strike
2-2: Ground out 4-3 (Groundball, 4S, EV 67.5 MPH)
Jim Upson to second
Batting: RHB Hector Barajas 0-0: Ball
1-0: Foul Ball, location: 2F
1-1: Called Strike
1-2: Reaches on Catchers interference
Batting: LHB Bill Kovac 0-0: Ball
1-0: Fly out, F9 (Flyball, 9LS, EV 91.9 MPH)
Top of the 7th over - 0 runs, 0 hits, 1 error, 2 left on base; University of Conneticut 3 - University of Alabama 1
BOTTOM OF THE 7TH
University of Alabama Crimson Tide batting - Pitching for University of Conneticut Huskies : RHP Fidel Alonso
Pitching: RHP Rich Hensley
Batting: LHB Ben Roth 0-0: Called Strike
0-1: Called Strike
0-2: Ball
1-2: Hit by Pitch
Batting: LHB Eddie Corona 0-0: Ball
1-0: Ground out 4-3 (Groundball, 4D, EV 99.4 MPH)
Ben Roth to second
Batting: RHB Jorge Lebron 0-0: Called Strike
0-1: Ball
1-1: Called Strike
1-2: Foul Ball, location: 2F
1-2: Ball
2-2: Foul Ball, location: 2F
2-2: Foul Ball, location: 2F
2-2: Ball
3-2: Foul Ball, location: 2F
3-2: DOUBLE (Line Drive, 3D, EV 98.8 MPH)
Ben Roth scores
Batting: RHB Wen Huang 0-0: Called Strike
0-1: Foul Ball, location: 2F
0-2: Strikes out looking
Pinch Hitting: RHB Juan Araiza 0-0: Ball
1-0: SINGLE (Groundball, 56, EV 96.9 MPH)
Jorge Lebron to third
Runner from 3rd tries for Home, SAFE, throw by LF to home
Batting: RHB Juan Alvarez 0-0: Ball
1-0: Fly out, F8 (Flyball, 8RM, EV 73.1 MPH)
Bottom of the 7th over - 2 runs, 2 hits, 0 errors, 1 left on base; University of Conneticut 3 - University of Alabama 3
TOP OF THE 8TH
University of Conneticut Huskies batting - Pitching for University of Alabama Crimson Tide : RHP Gabriel Bass
Pitching: RHP Jim Unknown
Now in LF: Ben Roth
Now in RF: Yu-shu Ni
Pinch Hitting: RHB Juan Vasquez 0-0: DOUBLE (Line Drive, 9LM, EV 109.4 MPH)
Batting: LHB Andrew Barzee 0-0: Swinging Strike
0-1: Ball
1-1: Called Strike
1-2: Foul Ball, location: 2F
1-2: Ground out 5-3 (Groundball, 56, EV 85.6 MPH)
Batting: RHB Alfredo Reguera 0-0: Foul Ball, location: 2F
0-1: Ball
1-1: Ball
2-1: SINGLE (Line Drive, 56, EV 97.5 MPH)
Juan Vasquez to third
Batting: RHB Scott Webb 0-0: Ball
Alfredo Reguera is caught stealing 2nd base 2-4
1-0: Ground out 3-1 (Groundball, 13, EV 79.4 MPH)
Top of the 8th over - 0 runs, 2 hits, 0 errors, 1 left on base; University of Conneticut 3 - University of Alabama 3
BOTTOM OF THE 8TH
University of Alabama Crimson Tide batting - Pitching for University of Conneticut Huskies : RHP Rich Hensley
Pitching: LHP Gabe Alcantara
Now at SS: Clint Hanninen
Batting: RHB Bill Begin 0-0: Ground out 4-3 (Groundball, 4, EV 88.8 MPH)
Batting: RHB Jose Cuellar 0-0: Called Strike
0-1: Foul Ball, location: 2F
0-2: Ball
1-2: Foul Ball, location: 2F
1-2: Ball
2-2: TRIPLE (Line Drive, 89XD, EV 99.4 MPH)
Batting: RHB Rod Johnson 0-0: Intentional Walk
Batting: LHB Ben Roth 0-0: Ball
1-0: Called Strike
1-1: Ball
2-1: Ball
3-1: Foul Ball, location: 2F
3-2: Strikes out swinging
Batting: LHB Ricardo Torres 0-0: Foul Ball, location: 2F
0-1: Ball
1-1: DOUBLE (Groundball, 3D, EV 105.0 MPH)
Jose Cuellar scores
Rod Johnson to third
Runner from 3rd tries for Home, SAFE, no throw by RF
Batting: RHB Jorge Lebron 0-0: Called Strike
0-1: SINGLE (Groundball, 56, EV 97.5 MPH)
Ricardo Torres to third
Runner from 3rd tries for Home, SAFE, throw by LF to home
Pitching: RHP Boboy Cacabelos
Batting: RHB Wen Huang 0-0: Ball
1-0: 2-RUN HOME RUN (Flyball, 7LD, EV 96.9 MPH), Distance : 345 ft
Pitching: RHP Victor Diaz
Batting: LHB Yu-shu Ni 0-0: Foul Ball, location: 2F
0-1: Swinging Strike
0-2: Ball
1-2: Foul Ball, location: 2F
1-2: Ball
2-2: SINGLE (Line Drive, 6M, EV 94.4 MPH)
Batting: RHB Juan Alvarez 0-0: Ball
1-0: Ball
2-0: Called Strike
2-1: Foul Ball, location: 2F
2-2: Ball
3-2: SINGLE (Line Drive, 4M, EV 97.5 MPH)
Yu-shu Ni to second
Yu-shu Ni to third
Batting: RHB Bill Begin 0-0: Ball
1-0: Fielders Choice at 2nd, 5-4 (Groundball, 56, EV 80.0 MPH)
Bottom of the 8th over - 5 runs, 6 hits, 0 errors, 2 left on base; University of Conneticut 3 - University of Alabama 8
TOP OF THE 9TH
University of Conneticut Huskies batting - Pitching for University of Alabama Crimson Tide : RHP Jim Unknown
Batting: LHB Jim Upson 0-0: Called Strike
0-1: Swinging Strike
0-2: Foul Ball, location: 2F
0-2: Foul Ball, location: 2F
0-2: Hit by Pitch
Batting: RHB Bill Stern 0-0: Fly out, F9 (Line Drive, 9, EV 93.8 MPH)
Pinch Hitting: RHB Jorge Dominguez 0-0: DOUBLE (Flyball, 89D, EV 105.6 MPH)
Jim Upson to third
Batting: RHB Hector Barajas 0-0: Ball
1-0: Called Strike
1-1: Foul Ball, location: 2F
1-2: Foul Ball, location: 2F
1-2: Foul Ball, location: 2F
1-2: Ground out 5-3 (Groundball, 56S, EV 75.6 MPH)
Jim Upson scores
Jorge Dominguez to third
Batting: LHB Bill Kovac 0-0: Ball
1-0: Called Strike
1-1: Ball
2-1: Ball
3-1: Base on Balls
Pinch Hitting: SHB Chris Handelman 0-0: Swinging Strike
0-1: Ball
1-1: Swinging Strike
1-2: DOUBLE (Line Drive, 9LS, EV 95.6 MPH)
Jorge Dominguez scores
Bill Kovac to third
Batting: LHB Andrew Barzee 0-0: Foul Ball, location: 2F
0-1: Ball
1-1: Ball
2-1: Fly out, F5 (Line Drive, 5, EV 76.2 MPH)
Top of the 9th over - 2 runs, 2 hits, 0 errors, 2 left on base; University of Conneticut 5 - University of Alabama 8
Wednesday, June 22nd , 2022 - OOTP Baseball 23.4 Build 64